[Event "NK ABC Kwalificatie 2"]
[Site "Zoetermeer, Netherlands"]
[Date "2025.01.04"]
[Round "1.1"]
[White "Tangarife Ramirez, Katja"]
[Black "Bakija, Alan"]
[Result "0-1"]
[TimeControl "55+10"]
[WhiteFideId "8588492"]
[BlackFideId "8629346"]
[WhiteElo "1812"]
[BlackElo "2247"]

1. d4 d6 2. c4 e5 3. dxe5 dxe5 4. Qxd8+ Kxd8 5. e4 Bc5 6. Nc3 c6 7. a3 Be6 8. b4 Bd4 9. Bb2 Nd7 10.
Bd3 f6 11. Nf3 Bxc3+ 12. Bxc3 Ne7 13. O-O Kc7 14. Nd2 Rhd8 15. Be2 Nc8 16. a4 c5 17. b5 a5 18. f3 Nd6 19. Rfc1 b6 20.
Bb2 Nf8 21. Nf1 Bg8 22. Ne3 Ne6 23. Rd1 Nd4 24. Bf1 Re8 25. Rac1 Rad8 26. Nd5+ Bxd5 27. exd5 Re7 28. Bxd4 exd4 29.
Bd3 g6 30. Kf2 Nf7 31. Re1 Ne5 32. Rcd1 Rde8 33. Kf1 Kd6 34. Bc2 Nxc4 35. Rxe7 Rxe7 36. Kf2 Ne3 37. Rd2 Nxc2 38. Rxc2 Kxd5 39.
f4 d3 40. Rd2 Kd4 41. g4 c4 42. f5 g5 43. Kf3 c3 44. Rd1 c2 45. Rh1 d2 0-1

[Event "NK ABC Kwalificatie 2"]
[Site "Zoetermeer, Netherlands"]
[Date "2025.01.04"]
[Round "1.2"]
[White "Kumar, Prajit Sai"]
[Black "Ganeshram, Nirupa"]
[Result "1-0"]
[TimeControl "55+10"]
[WhiteFideId "8767979"]
[BlackFideId "8661994"]
[WhiteElo "2210"]
[BlackElo "1794"]

1. e4 c5 2. Nf3 d6 3. d4 cxd4 4.
Nxd4 Nf6 5. Nc3 g6 6. Be3 Bg7 7. f3 O-O 8. Qd2 Nc6 9. O-O-O d5 10. exd5 Nxd5 11. Nxc6 bxc6 12. Bd4 Bxd4 13.
Qxd4 Qb6 14. Qxb6 axb6 15. Nxd5 cxd5 16. a3 Be6 17. Bb5 Rfc8 18. Rhe1 Kg7 19. Rd4 Ra5 20. a4 Raa8 21. c3 Rc7 22.
h4 Rd8 23. Ba6 Ra8 24. Bb5 Rd8 25. Ba6 Ra8 26. Bd3 Rca7 27. Bc2 Kf8 28. h5 Bd7 29. b3 e6 30. Rf4 Kg8 31. Rb4 Rb8 32.
Kd2 Rbb7 33. Bd3 Kg7 34. f4 Rb8 35. Rh1 Bc6 36. Rh2 Rbb7 37. Ke3 Kf6 38. g4 Rb8 39. g5+ Kg7 40. Kd4 Rbb7 41.
Ke5 Ra8 42. Kd6 Be8 43. h6+ Kf8 44. Ra2 Raa7 45. Bb5 Bxb5 46. Rxb5 Rd7+ 47. Ke5 Rdb7 48. b4 Ke7 49. a5 bxa5 50. Raxa5 Rc7 51. Rc5 Rab7 52. Ra6 Kd7 53.
Kf6 Rxc5 54. bxc5 Rc7 55. c6+ Kd6 56. Rb6 Kc5 57. Rb7 Rxc6 58. Rxf7 Kc4 59. Rxh7 Kxc3 60. Rd7 d4 61. h7 Rc8 62.
Kxg6 d3 63. Kg7 Kc2 64. h8=Q Rxh8 65. Kxh8 d2 66. g6 1-0

[Event "NK ABC Kwalificatie 2"]
[Site "Zoetermeer, Netherlands"]
[Date "2025.01.04"]
[Round "1.3"]
[White "Smeenk, Merijn"]
[Black "Snijders, Take"]
[Result "0-1"]
[TimeControl "55+10"]
[WhiteFideId "8707919"]
[BlackFideId "8935927"]
[WhiteElo "1782"]
[BlackElo "2119"]

1. e4 c6 2. d4 d5 3. Nc3 dxe4 4. Nxe4 Nf6 5. Nxf6+ exf6 6. c3 Bd6 7. Bd3 O-O 8. Qc2 c5 9.
dxc5 Bxc5 10. Bf4 h6 11. Ne2 Nc6 12. O-O Be6 13. Rad1 Qb6 14. a4 Bb3 15. Bc7 Bxc2 16. Bxb6 Bxd1 17.
Bxc5 Bxe2 18. Bxe2 Rfe8 19. Bf3 Rac8 20. Be3 b6 21. Be2 Ne5 22. a5 Nc4 23. Bxc4 Rxc4 24. axb6 axb6 25. Bxb6 Rb8 26.
Bd4 Rxb2 27. g3 Ra4 28. Kg2 Kh7 29. Re1 Kg6 30. h4 Rb7 31. Kh3 h5 32. Re4 Kf5 33. Rf4+ Ke6 34. Re4+ Kd5 35.
Rf4 Kc6 36. Kg2 Rb5 37. Re4 Kd7 38. Re1 Rf5 39. Rb1 Rc4 40. Rb7+ Rc7 41. Rb6 Ke7 42. Ra6 Rd7 43. Rc6 Rdd5 44.
Rc7+ Ke8 45. Ra7 g5 46. hxg5 fxg5 47. Ra8+ Rd8 48. Ra6 Ke7 49. Rh6 g4 50. Ra6 Rb8 51. Rc6 Ra5 52. Rc7+ Ke6 53.
Kf1 Ra2 54. Kg2 Rb1 55. Ra7 Rc2 56. Ra6+ Kd5 57. Ra5+ Kc4 58. Rc5+ Kd3 59. Be3 Rxc3 60. Rxh5 Rc4 61. Rh8 Ra4 62. Rh1 Rb7 63. Rd1+ Ke4 64. Rd4+ Rxd4 0-1

[Event "NK ABC Kwalificatie 2"]
[Site "Zoetermeer, Netherlands"]
[Date "2025.01.04"]
[Round "1.4"]
[White "Ramdien, Ryan"]
[Black "Madularea, David"]
[Result "0-1"]
[TimeControl "55+10"]
[WhiteFideId "8722637"]
[BlackFideId "8700494"]
[WhiteElo "1835"]
[BlackElo "2232"]

1. d4 Nf6 2. Nf3 b6 3. g3 Bb7 4. Bg2 g6 5. O-O Bg7 6. c4 O-O 7. Nc3 Ne4 8. Bf4 d6 9. Qc2 Nxc3 10.
bxc3 Qe8 11. e4 e5 12. Be3 exd4 13. Nxd4 Nc6 14. Nb5 Qd7 15. Rfd1 a6 16. Na3 Qe6 17. Rab1 Rfe8 18. c5 dxc5 19.
Bxc5 Nd8 20. Bd4 Bxe4 21. Bxe4 Qxe4 22. Qxe4 Re7 23. Bxg7 Rxe4 24. Rd6
Kxg7 25. Rd7 Ne6 26. Rb4 Re2 27.
Nc4 b5 28. Ne3 Rxa2 29. c4 c5 30. Rb1 b4 31. Ng4 Rd8 32. Ra7 Rdd2 33. Rf1 Re2 34. f4 h5 35. Nf2 Nd4 36. Kg2 Nc2 37.
Kf3 Ne1+ 38. Rxe1 Rxe1 39. Nd3 Ra3 40. Kf2 Rb1 41. Ke2 Rbb3 0-1

[Event "NK ABC Kwalificatie 2"]
[Site "Zoetermeer, Netherlands"]
[Date "2025.01.04"]
[Round "1.5"]
[White "Van Batenburg, Mees"]
[Black "Winter, Sven"]
[Result "1-0"]
[TimeControl "55+10"]
[WhiteFideId "8762545"]
[BlackFideId "8936015"]
[WhiteElo "2221"]
[BlackElo "1828"]

1. e4 c6 2. d4 d5 3. e5 c5 4. Nf3 Nc6 5. dxc5 Bg4 6. c3 e6 7. Be3 Nh6 8. Bb5 Qc7 9. Bxh6 gxh6 10.
Qd4 Rg8 11. Nbd2 O-O-O 12. Bxc6 Qxc6 13. b4 Qa4 14. O-O Bh3 15. Ne1 Be7 16. Kh1 Bf5 17. f3 h5 18. Nb3 h4 19. Qd1 Qa3 20.
Qe2 Rg6 21. Rg1 h5 22. Rd1 h3 23. g3 Rdg8 24. c6 b6 25. Na5 bxa5 26. Qa6+ Kd8 27. Qb7 1-0

[Event "NK ABC Kwalificatie 2"]
[Site "Zoetermeer, Netherlands"]
[Date "2025.01.04"]
[Round "1.6"]
[White "Koorevaar, Sarah-Joy"]
[Black "Zhu, Chenwu"]
[Result "0-1"]
[TimeControl "55+10"]
[WhiteFideId "8750841"]
[BlackFideId "8733846"]
[WhiteElo "1814"]
[BlackElo "2177"]

1. d4 Nf6 2. c4 e6 3. Nf3 d5 4. g3 Bb4+ 5. Bd2 Be7 6. Bg2 O-O 7. O-O Nbd7 8. Nc3 dxc4 9. Qc2 c6 10.
Ne4 Nxe4 11. Qxe4 Qc7 12. Bf4 Bd6 13. Bxd6 Qxd6 14. Rac1 Nf6 15. Qf4 Qxf4 16. gxf4 Nd5 17. e3 b5 18. Ne5 Bb7 19. Nd7 Rfd8 20.
Nc5 Bc8 21. a3 Bd7 22. Nb7 Rdc8 23. Nc5 Be8 24. Rc2 a5 25. a4 Kf8 26. f5 Ke7 27. Ra1 g6 28. fxe6 fxe6 29. Bh3 Bf7 30.
Kf1 g5 31. Ke2 Bh5+ 32. f3 Rf8 33. Rf1 g4 34. Bg2 gxf3+ 35. Bxf3 Rxf3 36. Rxf3 Rf8 0-1

[Event "NK ABC Kwalificatie 2"]
[Site "Zoetermeer, Netherlands"]
[Date "2025.01.04"]
[Round "1.7"]
[White "Ten Dam, Bram"]
[Black "Hardeman, Imara"]
[Result "1-0"]
[TimeControl "55+10"]
[WhiteFideId "8975340"]
[BlackFideId "8806259"]
[WhiteElo "2013"]
[BlackElo "1677"]

1. e4 c6 2. d4 d5 3. e5 Bf5 4. Nf3 e6 5. Be2 Nd7 6. O-O Ne7 7. Be3 h6 8. c3 Bh7 9. Nbd2 Nf5 10.
Ne1 Be7 11. Bd3 Nxe3 12. fxe3 Bxd3 13. Nxd3 O-O 14. Qg4 Bg5 15. Rae1 Qe8 16. h4 Be7 17. e4 Qd8 18. g3 Nb6 19.
Rf3 Qd7 20. Ref1 Rac8 21. Qh5 Qe8 22. exd5 cxd5 23. Nf4 Nc4 1-0

[Event "NK ABC Kwalificatie 2"]
[Site "Zoetermeer, Netherlands"]
[Date "2025.01.04"]
[Round "1.8"]
[White "Drenthen, Abel"]
[Black "Baarspul, Bram"]
[Result "1/2-1/2"]
[TimeControl "55+10"]
[WhiteFideId "8800924"]
[BlackFideId "9026171"]
[WhiteElo "1664"]
[BlackElo "1986"]

1. e4 d5 2. exd5 Nf6 3. Nc3 Nxd5 4. Nf3 Bg4 5. Be2 e6 6. d4 Bb4 7. Bd2 c6 8. Nxd5 Bxd2+ 9. Qxd2 cxd5 10. Qg5 Qxg5 11. Nxg5 Bxe2 12. Kxe2 Ke7 13. Rhe1 Nc6 14. c3 b5 15. Nf3 b4 16. Rab1 bxc3 17. bxc3 Rab8 18. Ne5 Nxe5 19. dxe5 Rhc8 20. Kd3 Rb6 21. Rb3 Rcb8 22. Reb1 f6 23. exf6+ gxf6 24. Rxb6 Rxb6 25. Rxb6 axb6 26. c4 Kd6 27. cxd5 Kxd5 28. Kc3 Kc5 29. a4 e5 30. g4 e4 1/2-1/2

[Event "NK ABC Kwalificatie 2"]
[Site "Zoetermeer, Netherlands"]
[Date "2025.01.04"]
[Round "1.9"]
[White "Gupta, Akul"]
[Black "Huang, Ziyang"]
[Result "1-0"]
[TimeControl "55+10"]
[WhiteFideId "8925180"]
[BlackFideId "9003676"]
[WhiteElo "1964"]
[BlackElo "1646"]

1. e4 c5 2. Nf3 d6 3. d4 cxd4 4. Nxd4 Nc6 5. Nc3 g6 6. Be3 Bg7 7. Qd2 Nf6 8. f3 O-O 9. O-O-O Bd7 10.
Kb1 a6 11. h4 b5 12. h5 b4 13. Nd5 Nxh5 14. g4 Ng3 15. Rh3 Nxf1 16. Rxf1 Ne5 17. b3 a5 18. Bh6 Nxf3 19. Rfxf3 Bxg4 20.
Bxg7 Bxh3 21. Rxh3 h5 22. Qh6 f6 23. Rxh5 gxh5 24. Qh8+ Kf7 25. Qxh5+ Kg8 26. Bh6 Qe8 27. Qg4+ Kf7 28.
Qg7# 1-0

[Event "NK ABC Kwalificatie 2"]
[Site "Zoetermeer, Netherlands"]
[Date "2025.01.04"]
[Round "2.1"]
[White "Bakija, Alan"]
[Black "Ramak, Vince"]
[Result "1-0"]
[TimeControl "55+10"]
[WhiteFideId "8629346"]
[BlackFideId "8984470"]
[WhiteElo "2247"]
[BlackElo "1969"]

1. Nf3 f5 2. b3 d6 3. d4 Nf6 4. Bb2 e6 5. g3 Be7 6. Bg2 O-O 7. O-O a5 8. a3 Qe8 9. e3 Qh5 10.
Nbd2 Ne4 11. Nxe4 fxe4 12. Nd2 Qxd1 13. Raxd1 d5 14. f3 exf3 15. Bxf3 Nd7 16. e4 c6 17. Rde1 Bg5 18. Nb1 a4 19. Bc3 axb3 20. cxb3 dxe4 21.
Rxe4 Nf6 22. Re5 Bh6 23. a4 Nd5 24. Bd2 Bxd2 25. Nxd2 Bd7 26. Ne4 Ne3 27. Rf2 Nf5 28. Bg4 b6 29.
Bxf5 exf5 30. Nd6 g6 31. Re7 Be8 32. Rc2 b5 33. axb5 Ra1+ 34. Kg2 Ra3 35. bxc6 Bxc6+ 36. Rxc6 Rxb3 37.
Rcc7 Rb2+ 38. Kh3 Ra8 39. Rg7+ Kh8 40. Rxh7+ Kg8 41. Rcg7+ Kf8 42. Nc4 Rc2 43. Nb6 Rd8 44. Nd7+ Ke8 45. Rh8# 1-0

[Event "NK ABC Kwalificatie 2"]
[Site "Zoetermeer, Netherlands"]
[Date "2025.01.04"]
[Round "2.2"]
[White "Van Arendonk, Polle"]
[Black "Kumar, Prajit Sai"]
[Result "0-1"]
[TimeControl "55+10"]
[WhiteFideId "8640720"]
[BlackFideId "8767979"]
[WhiteElo "1944"]
[BlackElo "2210"]

1. e4 c5 2. Nf3 Nc6 3. d4 cxd4 4. Nxd4 Nf6 5. Nc3 d6 6. f3 e5 7. Nb3 Be6 8. Be3 d5 9. exd5 Nxd5 10.
Nxd5 Qxd5 11. Qxd5 Bxd5 12. O-O-O O-O-O 13. c3 Be7 14. Bd3 h6 15. Be4 Bxe4 16. fxe4 Bg5 17. Rxd8+ Nxd8 18. Kd2 Ne6 19.
g3 h5 20. h4 Bxe3+ 21. Kxe3 Rh6 22. Nd2 Rg6 23. Kf3 b5 24. Rd1 Rf6+ 25. Ke3 Nc7 26. Nb3 Rg6 27. Kf3 Ra6 28. a3 Rc6 29. Na5 Re6 30. Nb3 a6 31. Na1 a5 32. Nc2 g6 33.
Ne3 a4 34. Rd2 Rf6+ 35. Ke2 Rc6 36. Kf3 Ne6 37. Rd5 Rc5 38. Rd2 Rc6 39. Rd5 Rc5 40. Rd2 Nc7 41. Rd6 Ne8 42. Rd2 Nc7 43.
Rd6 Ne8 44. Rd2 Kc7 45. Nd5+ Kd6 46.
Ke3 Ke6 47. Rf2 f5 48. exf5+ gxf5 49. Nb4 Nd6 50. Kd3 Rc4 51. Re2 Rg4 52. Nc6 Ne4 53. Na7 Nxg3 54. Rh2 e4+ 55. Kc2 f4 56.
Nxb5 f3 57. Nd4+ Kd5 58. Kd1 Nf1 59. Rf2 Ne3+ 60. Kd2 Nc4+ 61. Kd1 Rxh4 62. Nf5 Rh3 63. Ke1 e3 64. Rf1 Ke4 65. Ne7 Kd3 66. Nd5 f2+ 0-1

[Event "NK ABC Kwalificatie 2"]
[Site "Zoetermeer, Netherlands"]
[Date "2025.01.04"]
[Round "2.3"]
[White "Snijders, Take"]
[Black "Damen, Josephine"]
[Result "1-0"]
[TimeControl "55+10"]
[WhiteFideId "8935927"]
[BlackFideId "8647606"]
[WhiteElo "2119"]
[BlackElo "1891"]

1. e4 e5 2. Nf3 Nc6 3. Bc4 Nf6 4. d3 Bc5 5. c3 d6 6. O-O a6 7. a4 Ba7 8. Re1 O-O 9. h3 h6 10.
Nbd2 Re8 11. b4 Be6 12. Bxe6 Rxe6 13. Nf1 Qd7 14. Ra2 Rae8 15. b5 Ne7 16. c4 Ng6 17. Ng3 Nf4 18. d4 g6 19.
Qb3 Kh7 20. a5 axb5 21. cxb5 N6h5 22. Nxh5 gxh5 23. b6 Bb8 24. dxe5 dxe5 25. Nxe5 Rxe5 26. Bxf4 Rxe4 27. Qc2 f5 28.
Rxe4 Rxe4 29. Bxc7 Re1+ 30. Kh2 Bxc7+ 31. Qxc7 Qxc7+ 32. bxc7 Rc1 33. Rb2 Rxc7 34. Kg3 Kg6 35. Rb6+ Kg7 36.
Kh4 f4 37. Kxh5 Rc5+ 38. Kg4 Rxa5 39. Rxb7+ Kg6 40. Rb6+ Kg7 41. Kxf4 Ra2 42. Kg3 Ra5 43. f4 Ra3+ 44. Kg4 Ra2 45. g3 Ra3 46. Kh4 Rf3 47. Ra6 Kh7 48.
Kg4 Rb3 49. Ra5 Kg6 50. h4 Re3 51. Ra6+ Kg7 52. h5 Rb3 53. Rg6+ Kh7 54. Kf5 Rb5+ 55. Kg4 Rb3 56. Rc6 Ra3 57. Rc7+ Kg8 58. Kh4 Rf3 59.
Kh3 Rf1 60. Kg2 Ra1 61. Re7 Ra3 62. Kf2 Rd3 63. Re3 Rd5 64. g4 Rd2+ 65. Kf3 Rd1 66. Ke4 Rd8 67. Kf5 Kh7 68. Re7+ Kh8 69.
Re6 Kh7 70. Re7+ Kh8 71. Rf7 Kg8 72. Kg6 Ra8 73. Rf6 Ra3 74. Rb6 Ra8 75. Kxh6 Rf8 76. Kg6 1-0

[Event "NK ABC Kwalificatie 2"]
[Site "Zoetermeer, Netherlands"]
[Date "2025.01.04"]
[Round "2.4"]
[White "Madularea, David"]
[Black "De Wit, Evan"]
[Result "1-0"]
[TimeControl "55+10"]
[WhiteFideId "8700494"]
[BlackFideId "8935949"]
[WhiteElo "2232"]
[BlackElo "1955"]

1. d4 Nf6 2. c4 g6 3. Nc3 d5 4. Nf3 Bg7 5. h3 O-O 6. cxd5 Nxd5 7. e4 Nxc3 8. bxc3 c5 9. Be2 Nc6 10.
Be3 Qa5 11. O-O Qxc3 12. Rc1 Qa3 13. Rxc5 Qxa2 14. d5 Rd8 15. Bc4 Qb2 16. dxc6 Rxd1 17. Rxd1 Bf8 18. Rcd5 bxc6 19. Rd8 Qg7 20.
Ne5 e6 21. Nd7 Bb7 22. Nxf8 Rxd8 23. Rxd8 Qxf8 24. Rxf8+ Kxf8 25. Bxa7 Ke7 26. Bc5+ Kf6 27. Bd4+ e5 28. Bc3 c5 29.
Bd5 1-0

[Event "NK ABC Kwalificatie 2"]
[Site "Zoetermeer, Netherlands"]
[Date "2025.01.04"]
[Round "2.5"]
[White "Hylarides, Charlie Ronald"]
[Black "Van Batenburg, Mees"]
[Result "0-1"]
[TimeControl "55+10"]
[WhiteFideId "9041758"]
[BlackFideId "8762545"]
[WhiteElo "1971"]
[BlackElo "2221"]

1. d4 e6 2. c4 f5 3. Nf3 Nf6 4. Nc3 Bb4 5. g3 O-O 6. Bg2 Bxc3+ 7. bxc3 d6 8. O-O Qe7 9. Bg5 Nbd7 10.
a4 h6 11. Bc1 Ne4 12. Qd3 c5 13. Nd2 Nxd2 14. Qxd2 Rb8 15. Rd1 Rd8 16. a5 e5 17. Ba3 b6 18. Rab1 Ba6 19. Qa2 Bb7 20.
Bxb7 Rxb7 21. dxc5 Nxc5 22. Qd2 Ne4 23. Qd3 Qe6 24. f3 Nf6 25. c5 d5 26. Qb5 f4 27. c6 Rf7 28. axb6 fxg3 29. c7 Rdf8 30. b7 Qh3 31. Bc5 Qxh2+ 32. Kf1 Ne4 33. e3 Qf2# 0-1

[Event "NK ABC Kwalificatie 2"]
[Site "Zoetermeer, Netherlands"]
[Date "2025.01.04"]
[Round "2.6"]
[White "Zhu, Chenwu"]
[Black "Heus, Daan"]
[Result "1-0"]
[TimeControl "55+10"]
[WhiteFideId "8733846"]
[BlackFideId "8814652"]
[WhiteElo "2177"]
[BlackElo "1891"]

1. e4 e5 2. Nf3 Nc6 3. Bb5 a6 4. Ba4 Nf6 5. O-O b5 6. Bb3 Be7 7. Re1 d6 8. c3 O-O 9. h3 Bb7 10.
d4 Re8 11. a4 Bf8 12. Nbd2 h6 13. d5 Nb8 14. Nf1 Nbd7 15. Ng3 Nc5 16. Bc2 g6 17. a5 c6 18. b4 Ncd7 19. dxc6 Bxc6 20.
Bb3 Qe7 21. Nh4 Nxe4 22. Nxg6 Qf6 23. Rxe4 Bxe4 24. Nxf8 Bc6 25. Nxd7 Bxd7 26. Ne4 Qg7 27. Qh5 1-0

[Event "NK ABC Kwalificatie 2"]
[Site "Zoetermeer, Netherlands"]
[Date "2025.01.04"]
[Round "2.7"]
[White "Wang, Yicheng"]
[Black "Ten Dam, Bram"]
[Result "1/2-1/2"]
[TimeControl "55+10"]
[WhiteFideId "9007757"]
[BlackFideId "8975340"]
[WhiteElo "1768"]
[BlackElo "2013"]

1. e4 c6 2. d4 d5 3. exd5 cxd5 4. Nf3 Nf6 5. Bf4 e6 6. Bd3 Bd6 7. Bg3 Nc6 8. c3 O-O 9. Nbd2 Re8 10.
O-O Bxg3 11. fxg3 h6 12. Qc2 Bd7 13. Nb3 Rc8 14. Qd2 e5 15. dxe5 Nxe5 16. Nxe5 Rxe5 17. Rae1 Qb6+ 18. Qf2 Qxf2+ 19. Kxf2 Rce8 20. Rxe5 Rxe5 21. h3 Bf5 22. Bxf5 Rxf5+ 23. Ke2 Rg5 24. g4 h5 25. Rf5 Rg6 26. Kf3 hxg4+ 27. hxg4 Nxg4 28.
Rxd5 Nh2+ 29. Kf2 Rf6+ 30. Ke2 Ng4 31. Rd2 Re6+ 32. Kf3 Ne5+ 33. Kf2 Nc4 34. Rd8+ Kh7 1/2-1/2

[Event "NK ABC Kwalificatie 2"]
[Site "Zoetermeer, Netherlands"]
[Date "2025.01.04"]
[Round "2.8"]
[White "Roersma, Dylan"]
[Black "Gupta, Akul"]
[Result "0-1"]
[TimeControl "55+10"]
[WhiteFideId "8962217"]
[BlackFideId "8925180"]
[WhiteElo "1762"]
[BlackElo "1964"]

1. e4 c5 2. Nf3 e6 3. d4 cxd4 4. Nxd4 Nf6 5. Nc3 Nc6 6. Be3 Bb4 7. Nxc6 bxc6 8. Bd3 d5 9. exd5 exd5 10.
a3 Ba5 11. Bd2 O-O 12. O-O Bc7 13. Bg5 Qd6 14. f4 Ng4 15. Qd2 Bd7 16. h3 Ne3 17. Rf3 Rfe8 18. Kh1 Nf5 19. g4 Ne7 20.
f5 c5 21. Bf4 Qb6 22. Bxc7 Qxc7 23. f6 d4 24. Qg5 Ng6 25. Nd5 Qe5 26. Qxe5 Rxe5 27. c4 dxc3 28. Bxg6 cxb2 29. Rd1 hxg6 30.
Ne7+ Rxe7 31. fxe7 Bc6 32. Kg2 Re8 33. Rb1 Rxe7 34. Rxb2 Re3 35. Rbf2 Rxa3 36. Kg3 Rxf3+ 37. Rxf3 Bxf3 38.
Kxf3 Kh7 39. Ke4 Kh6 40. h4 f5+ 41. gxf5 gxf5+ 42. Kxf5 Kh5 0-1

[Event "NK ABC Kwalificatie 2"]
[Site "Zoetermeer, Netherlands"]
[Date "2025.01.04"]
[Round "2.9"]
[White "Shaikh, Rushaan"]
[Black "Cubuk, Armin"]
[Result "1/2-1/2"]
[TimeControl "55+10"]
[WhiteFideId "9053440"]
[BlackFideId "9004138"]
[WhiteElo "1951"]
[BlackElo "1777"]

1. d4 Nf6 2. c4 g6 3. Nc3 Bg7 4. e4 d6 5. Bf4 O-O 6. Nf3 Nbd7 7. Be2 Re8 8. O-O e5 9. dxe5 dxe5 10.
Be3 Ng4 11. Qd2 Ndf6 12. h3 Nxe3 13. Qxe3 c6 14. Rad1 Qb6 15. Qxb6 axb6 16. a3 Be6 17. Rfe1 Nd7 18. Nd2 Nc5 19.
b4 Na4 20. Nxa4 Rxa4 21. Ra1 Rea8 22. Nb1 Bf8 23. b5 cxb5 24. Nc3 Rxa3 25. Rxa3 Rxa3 26. Nxb5 Ra4 27. Rc1 Ra2 28. Kf1 Bh6 29.
Rb1 Bf8 1/2-1/2

[Event "NK ABC Kwalificatie 2"]
[Site "Zoetermeer, Netherlands"]
[Date "2025.01.04"]
[Round "3.1"]
[White "Ponomarev, Ivan"]
[Black "Bakija, Alan"]
[Result "0-1"]
[TimeControl "55+10"]
[WhiteFideId "8662115"]
[BlackFideId "8629346"]
[WhiteElo "2005"]
[BlackElo "2247"]

1. c4 d6 2. g3 e5 3. Bg2 f5 4. Nc3 Nf6 5. d3 Be7 6. Nf3 O-O 7. O-O a5 8. Rb1 Qe8 9. a3 h6 10.
b4 axb4 11. axb4 Be6 12. b5 Nbd7 13. Nd2 f4 14. Bxb7 Bh3 15. Bg2 Qh5 16. Nd5 Bxg2 17. Kxg2 Nxd5 18. cxd5 Qf7 19. Ne4 Qxd5 20.
Qb3 Qxb3 21. Rxb3 fxg3 22. hxg3 Rfb8 23. Bd2 Ra2 24. Rd1 Kf7 25. Kf1 Ke6 26. e3 Rc2 27. Ke2 Ra8 28. Nc3 Nc5 29.
Rb4 Ra3 30. d4 Raxc3 31. dxc5 Rxc5 32. Kd3 Ra2 33. e4 Ra3+ 34. Ke2 Rc2 35. Rc1 Rxc1 36. Bxc1 Ra2+ 37. Kf3 d5 38. exd5+ Kxd5 39.
Rb1 e4+ 40. Kg4 Rxf2 0-1

[Event "NK ABC Kwalificatie 2"]
[Site "Zoetermeer, Netherlands"]
[Date "2025.01.04"]
[Round "3.2"]
[White "Kumar, Prajit Sai"]
[Black "Kleibeuker, Mika"]
[Result "0-1"]
[TimeControl "55+10"]
[WhiteFideId "8767979"]
[BlackFideId "8577228"]
[WhiteElo "2210"]
[BlackElo "1980"]

1. e4 c6 2. Nf3 d5 3. Nc3 Nf6 4. e5 Ne4 5. Ne2 Qb6 6. d4 e6 7. Ng3 c5 8. Bd3 Nxg3 9. fxg3 Nc6 10. O-O cxd4 11. Qe2 h6 12. a3 Be7 13. b4 Bd7 14. Bb2 O-O 15.
Kh1 Rac8 16. Rae1 f5 17. Qf2 Kh8 18. Nxd4 a5 19. Nxc6 Qxf2 20. Rxf2 bxc6 21. bxa5 Ra8 22. Bc3 Bxa3 23.
Ra1 Be7 24. Bd2 Rfb8 25. Rff1 Bd8 26. g4 Kg8 27. gxf5 exf5 28. a6 Bc7 29. Bc3 c5 30. Bxf5 Bxf5 31. Rxf5 Rxa6 32. Rd1 d4 33.
Be1 g6 34. Rf3 Bxe5 35. c3 Rf8 36. cxd4 Rxf3 37. gxf3 Bxd4 38. Kg2 Kf7 39. Bg3 Ke6 40. Bf4 g5 41. Bb8 Kd5 42. f4 c4 43. fxg5 hxg5 44. Bc7 c3 45. Bd8 c2 46. Rc1 Rc6 47.
Bxg5 Bb2 48. Rf1 Rg6 49.
h4 c1=Q 50. Rxc1 Bxc1 0-1

[Event "NK ABC Kwalificatie 2"]
[Site "Zoetermeer, Netherlands"]
[Date "2025.01.04"]
[Round "3.3"]
[White "Mastop, Guido"]
[Black "Snijders, Take"]
[Result "0-1"]
[TimeControl "55+10"]
[WhiteFideId "8879915"]
[BlackFideId "8935927"]
[WhiteElo "1686"]
[BlackElo "2119"]

1. f4 d5 2. Nf3 Nf6 3. b3 Bf5 4. Bb2 e6 5. e3 Be7 6. h3 Ne4 7. h4 Bg4 8. d3 Bxh4+ 9. Rxh4 Bxf3 10.
Rxh7 Rxh7 11. Qxf3 Qh4+ 12. Kd1 Ng3 13. Nd2 Nc6 14. c4 O-O-O 15. d4 Nxf1 16. Qxf1 Qg4+ 17. Qf3 Rh1+ 18. Ke2 Qh4 19.
Qf2 Rh8 20. Qxh4 R8xh4 21. Rxh1 Rxh1 22. a3 Ne7 23. Kf3 c6 24. Bc3 Rc1 25. Bb4 Kd7 26. g4 b6 27. e4 a5 28. Bxe7 Kxe7 29.
cxd5 exd5 30. exd5 cxd5 31. a4 Rc3+ 32. Ke2 Kd6 33. g5 Ke6 0-1

[Event "NK ABC Kwalificatie 2"]
[Site "Zoetermeer, Netherlands"]
[Date "2025.01.04"]
[Round "3.4"]
[White "Krylov, Philippe"]
[Black "Madularea, David"]
[Result "0-1"]
[TimeControl "55+10"]
[WhiteFideId "8776240"]
[BlackFideId "8700494"]
[WhiteElo "2035"]
[BlackElo "2232"]

1. d4 Nf6 2. c4 b6 3. Nc3 Bb7 4. f3 d5 5. cxd5 Nxd5 6. e4 Nxc3 7. bxc3 e6 8. Bc4 Be7 9. Ne2 O-O 10.
O-O c5 11. Be3 Nc6 12. Qd2 Rc8 13. Bb3 cxd4 14. cxd4 Na5 15. Rfd1 Qd7 16. d5 exd5 17. Bxd5 Bxd5 18. Qxd5 Qa4 19.
Qd7 Qa3 20. Bd4 Rc2 21. Qg4 g6 22. Ng3 Bc5 23. e5 Nc6 24. Nf5 Nxd4 25. Nxd4 Rc4 26. Kh1 Qa4 27. e6 Rxd4 28. exf7+ Kg7 29.
Rxd4 Qxd4 30. Qxd4+ Bxd4 31. Rd1 Bc5 0-1

[Event "NK ABC Kwalificatie 2"]
[Site "Zoetermeer, Netherlands"]
[Date "2025.01.04"]
[Round "3.5"]
[White "Van Batenburg, Mees"]
[Black "Lopes, Samuel"]
[Result "0-1"]
[TimeControl "55+10"]
[WhiteFideId "8762545"]
[BlackFideId "8763414"]
[WhiteElo "2221"]
[BlackElo "1990"]

1. e4 c5 2. Nf3 Nc6 3. d4 cxd4 4. Nxd4 Nf6 5. Nc3 d6 6.
Bg5 e6 7. Qd2 a6 8. O-O-O Be7 9. Kb1 Bd7 10. f3 Nxd4 11. Qxd4 Qa5 12. h4 h5 13. f4 Qc5 14. Qxc5 dxc5 15.
Bxf6 gxf6 16. Be2 O-O-O 17. f5 b5 18. Bf3 Kc7 19. Rdg1 Bc6 20. g4 b4 21. Ne2 hxg4 22. Rxg4 exf5 23.
Rg7 fxe4 24. Bg2 Rdg8 25. Rxf7 Rxg2 26. Nf4 Rxh4 27. Rxe7+ Kd8 28. Rd1+ Kxe7 29. Nxg2 Rh2 30. Ne3 Ke6 31. Rf1 Re2 32. Ng4 f5 33.
Nh6 f4 34. a3 Rh2 35. Ng4 Rh4 36. Rxf4 e3 37. Rf6+ Ke7 38. Rxc6 e2 0-1

[Event "NK ABC Kwalificatie 2"]
[Site "Zoetermeer, Netherlands"]
[Date "2025.01.04"]
[Round "3.6"]
[White "Teianu, Maxim"]
[Black "Zhu, Chenwu"]
[Result "0-1"]
[TimeControl "55+10"]
[WhiteFideId "8926093"]
[BlackFideId "8733846"]
[WhiteElo "2026"]
[BlackElo "2177"]

1. d4 d5 2. c4 e6 3. Nf3 Nf6 4. Nc3 c5 5. cxd5 Nxd5 6. e4 Nxc3 7. bxc3 cxd4 8. cxd4 Bb4+ 9. Bd2 Bxd2+ 10. Qxd2 O-O 11. Bc4 Nd7 12. O-O b6 13. Rad1 Bb7 14. Rfe1 Rc8 15. Bb3 Re8 16. h3 h6 17. Re3 Qf6 18. Nh2 Qf4 19. Ree1 Qxd2 20. Rxd2 b5 21. Nf1 a5 22. Ng3 Nb6 23.
a3 Rc3 24. Re3 Rxe3 25. fxe3 Rc8 26. d5 Rd8 27. Ne2 e5 28. Rc2 Rc8 29. Rxc8+ Nxc8 30. Nc1 Nd6 31. Nd3 f6 32. Nc5 Kf7 33.
Kf2 Ke7 34. Ke2 Bc8 35. Kd3 Nb7 36. Nxb7 Bxb7 37. Bd1 Kd6 38. Bg4 Kc5 39. Kc2 Ba6 40. Be2 Bc8 41. g4 Bd7 42. Kb3 Be8 43. Bf3 Bg6 44. Kc3 Bh7 45.
Kb3 Bg6 46. Kc3 Be8 47. Kb3 Bd7 48. Bd1 g6 49. h4 f5 50. exf5 gxf5 51. g5 hxg5 52. hxg5 Kxd5 53. Bf3+ Ke6 54.
Bh5 Ke7 55. Kc3 Kf8 56. Kd3 Kg7 57. Kc3 Kf8 58. Kd3 Be8 59. Bd1 Kg7 60. a4 bxa4 61. Kc4 Bf7+ 62. Kc3 a3 63. Be2 a2 64.
Kb2 Kg6 65. Bf3 Kxg5 66. Bg2 Kh4 67. Bc6 Be6 68. Bb7 Kg3 69. Bc6 Kf2 70. e4 f4 71. Bb5 Ke3 72. Bf1 Kxe4 73. Be2 f3 74.
Bf1 Ke3 75. Bb5 Kd2 76. Bf1 e4 77. Bb5 e3 78. Bf1 e2 79. Bxe2 fxe2 80. Ka1 e1=Q+ 81. Kb2 a1=Q# 0-1

[Event "NK ABC Kwalificatie 2"]
[Site "Zoetermeer, Netherlands"]
[Date "2025.01.04"]
[Round "3.7"]
[White "Gupta, Akul"]
[Black "Okita, Shinsaku"]
[Result "1/2-1/2"]
[TimeControl "55+10"]
[WhiteFideId "8925180"]
[BlackFideId "8910748"]
[WhiteElo "1964"]
[BlackElo "1873"]

1. d4 d5 2. Nc3 Bf5 3. f3 Nf6 4. Bf4 c6 5. e3 Nbd7 6. Qd2 e6 7. g4 Bg6 8. h4 h5 9. g5 Ng8 10.
Bd3 Bb4 11. Bxg6 fxg6 12. Qd3 Ne7 13. Nge2 Nb6 14. Be5 Kf7 15. Nf4 Nc4 16. O-O-O Nxe5 17. dxe5 Qc7 18. Qd4 Ba5 19. Na4 Nf5 20.
Qc5 Bb6 21. Nxb6 axb6 22. Qc3 Rxa2 23. e4 d4 24. Qb3 Ra1+ 25. Kd2 Rxd1+ 26. Rf1 Re1 27.
Rxe1 Qxe5 28. Rd1 Qa5+ 29. Nd3 1/2-1/2

[Event "NK ABC Kwalificatie 2"]
[Site "Zoetermeer, Netherlands"]
[Date "2025.01.04"]
[Round "3.8"]
[White "Wacht, Florian"]
[Black "Pathak, Raghav"]
[Result "0-1"]
[TimeControl "55+10"]
[WhiteFideId "8823034"]
[BlackFideId "8923849"]
[WhiteElo "1818"]
[BlackElo "1926"]

1. e4 c6 2. d4 d5 3. Nc3 dxe4 4. Nxe4 Nf6 5. Nxf6+ exf6 6. Bc4 Bd6 7. Be3 O-O 8. Qd2 a5 9.
a4 Bg4 10. f3 Re8 11. O-O-O Bd7 12. Ne2 Qc7 13. Qd3 b5 14. Bb3 Na6 15. Bd2 Nb4 16. Bxb4 axb4 17. d5 bxa4 18. Ba2 b3 19.
Bb1 Bf5 20. Qxf5 Rxe2 21. g3 a3 22. Qd3 axb2+ 23. Kxb2 Be5+ 24. Kxb3 Qb6+ 0-1